 Dungeon Crawl Stone Soup version 0.28-a0-1087-gf3fc490d9d (webtiles) character file.

Game seed: 18364883030887352492

268 siradein the Digger (level 6, -3/45 HPs)
             Began as a Ghoul Earth Elementalist on Dec 10, 2021.
             Slain by a scorpion (9 damage)
             ... on level 5 of the Dungeon.
             The game lasted 00:08:39 (4348 turns).

siradein the Digger (Ghoul Earth Elementalist)      Turns: 4348, Time: 00:08:40

Health: -3/45      AC:  3    Str: 12    XL:     6   Next: 21%
Magic:  1/9        EV: 12    Int: 12    God:
Gold:   98         SH:  0    Dex:  9    Spells: 5/11 levels left

rFire   . . .      SeeInvis .   e - staff of earth
rCold   + . .      Faith    .   (no shield)
rNeg    + + +      Spirit   .   b - +0 robe
rPois   ∞          Reflect  .   (no helmet)
rElec   .          Harm     .   g - +0 cloak
rCorr   .          Rampage  .   (no gloves)
Will    .....                   (no boots)
Stlth   ++........              (no amulet)
HPRegen 0.00/turn               (no ring)
MPRegen 0.11/turn               (no ring)

@: inhibited regen
A: claws 1, cold resistance 1, negative energy resistance 3, inhibited
regeneration, torment resistance 2
a: no special abilities


You were on level 5 of the Dungeon.
You visited 1 branch of the dungeon, and saw 5 of its levels.

You collected 98 gold pieces.

Inventory:

Armour
 b - a +0 robe (worn)
 g - a +0 cloak (worn)
Magical Staves
 e - a staff of earth (weapon)
Scrolls
 f - a scroll of fog
 h - a scroll of silence {unknown}
 i - a scroll of fear
Potions
 a - 2 potions of brilliance {unknown}
 d - a potion of curing
 j - a potion of might {unknown}
 k - a potion of magic {unknown}
 l - a potion of flight {unknown}


   Skills:
 + Level 3.1 Dodging
 - Level 2.1 Stealth
 + Level 3.0 Spellcasting
 + Level 2.7 Transmutations
 + Level 4.6 Earth Magic


You had 5 spell levels left.
You knew the following spells:

 Your Spells              Type           Power      Damage    Failure   Level
a - Sandblast             Erth           38%        2d10      3%          1
b - Passwall              Tmut/Erth      13%        N/A       9%          2
c - Stone Arrow           Conj/Erth      22%        3d8       28%         3

Your spell library contained the following spells:

 Spells                   Type           Power      Damage    Failure   Level
 Petrify                  Tmut/Erth      16%        N/A       47%         4
 Gell's Gravitas          Tloc           1%         N/A       58%         3
 Lesser Beckoning         Tloc           1%         N/A       58%         3
 Teleport Other           Tloc           1%         N/A       58%         3
 Lehudib's Crystal Spear  Conj/Erth      5%         10d3      100%        8


Dungeon Overview and Level Annotations

Branches:
Dungeon (4/15)
 Temple: D:4-7

Altars:


Innate Abilities, Weirdness & Mutations

You thrive by killing the living.
You are immune to poison.
You have sharp fingernails.
Your flesh is cold resistant. (rC+)
You are immune to negative energy. (rN+++)
You do not regenerate when monsters are visible.
You are immune to unholy pain and torment.


Message History

The scorpion closely misses you. The scorpion misses you.
Aiming: Sandblast (safe; 4% risk of failure)
Press: ? - help, Q - select action, (/) - cycle Shift-Dir - straight line, f/p - scorpion
Aim: a scorpion (severely wounded, 79% to hit)
You feel a surge of power!
The blast of sand hits the scorpion!
You kill the scorpion!
You now have no stones remaining.
The scorpion stings you.
Your Spellcasting skill increases to level 3!
You have reached level 6!
The scorpion stings you! The scorpion misses you.
You don't have any stones to cast with.
You don't have any stones to cast with.
Unknown command.
Casting: Sandblast (safe; 3% risk of failure)
Confirm with . or Enter, or press ? or * to list all spells.
You don't have enough magic to cast this spell.
The scorpion barely misses you. The scorpion closely misses you.
The scorpion stings you but does no damage.
Casting: Sandblast (safe; 3% risk of failure)
Confirm with . or Enter, or press ? or * to list all spells.
The spell is quite dangerous to miscast (28% risk of failure)!
Continue anyway?
Aiming: Stone Arrow (quite dangerous; 28% risk of failure)
Press: ? - help, Shift-Dir - straight line, f - scorpion
Aim: a scorpion (68% to hit)
You feel a surge of power!
The stone arrow hits the scorpion!
The scorpion is almost dead.
The scorpion stings you.
* * * LOW HITPOINT WARNING * * *
You hit the scorpion but do no damage.
The scorpion is almost dead.
The scorpion stings you but does no damage.
You barely miss the scorpion.
The scorpion is almost dead.
The scorpion stings you.
* * * LOW HITPOINT WARNING * * *
The scorpion stings you!
You die...

#...# #...# #...#
#.#.####...########
#.................#
##.#####...######.#
##### #.# #####.#
#..@s.# ##.#### ...
###. #. #. .. ##


You could see a scorpion.

Vanquished Creatures
  A scorpion (D:5)
  A hound (D:3)
  A hound zombie (D:3)
  5 adders
  4 gnolls
  A white imp (D:3)
  A worm (D:3)
  A dart slug (D:3)
  An orc (D:3)
  6 bats
  7 endoplasms
  2 giant cockroaches
  10 goblins
  8 hobgoblins
  6 jackals
  3 quokkas
  5 ball pythons
  2 frilled lizards
  2 kobolds (D:1)
  5 rats
72 creatures vanquished.

Vanquished Creatures (others)
  29 plants (D:1)
29 creatures vanquished.

Grand Total: 101 creatures vanquished

Notes
Turn   | Place    | Note
-------+----------+-------------------------------------------
     0 | D:1      | siradein the Ghoul Earth Elementalist began the quest for
                  | the Orb.
     0 | D:1      | Reached XP level 1. HP: 14/14 MP: 2/2
    38 | D:1      | Reached skill level 1 in Transmutations
    80 | D:1      | Reached XP level 2. HP: 6/20 MP: 0/3
   875 | D:1      | Reached XP level 3. HP: 26/26 MP: 3/5
  1154 | D:2      | Found a faded altar of an unknown god.
  1751 | D:2      | Reached XP level 4. HP: 8/33 MP: 3/6
  1768 | D:2      | Learned a level 2 spell: Passwall
  1772 | D:2      | Learned a level 3 spell: Stone Arrow
  2427 | D:3      | Got the Reference Book on Clay
  2447 | D:3      | Reached skill level 4 in Earth Magic
  2659 | D:3      | Reached XP level 5. HP: 35/38 MP: 3/7
  4188 | D:4      | Identified a scroll of acquirement
  4317 | D:4      | You fall into a shaft and drop 1 floor!
  4317 | D:5      | Entered Level 5 of the Dungeon
  4320 | D:5      | Acquired a staff of earth
  4330 | D:5      | Reached XP level 6. HP: 22/45 MP: 1/9
  4348 | D:5      | Slain by a scorpion

Illustrated notes

Levels and vault maps discovered:
D:1:      roderic_crop_circles_arrival_small, layout_loops_cross
D:2:      layout_basic, ebering_ecumenical_altar_webs
D:3:      cheibrodos_helix_gallery, layout_rooms, st_stairs_12,
          hangedman_abyss_or_decor_lesser_grid
D:4:      cheibrodos_fertilizer, layout_rooms, nicolae_ru_awakened_eye,
          lemuel_doored_altar, grunt_ashenzari_visionary
          [grunt_ashenzari_visionary_swamp, grunt_ashenzari_visionary_snake],
          kennysheep_doodads, st_stairs_14, cheibrodos_gnoll_hut
D:5:      minmay_chambers_of_fours, layout_basic

Skill      XL: |  1  2  3  4  5 |
---------------+----------------+-----
Transmutations | 1 2 |  2.7
Dodging        | 2 3 |  3.1
Spellcasting   | 2 3 |  3.0
Earth Magic    | 4 |  4.6
Stealth        | |  2.1

Action                   |  1- 3 |  4- 6 || total
-------------------------+-------+-------++-------
Melee: Unarmed           |    76 |    97 ||   173
       Staff             |       |     2 ||     2
 Cast: Sandblast         |    37 |    64 ||   101
       Stone Arrow       |       |     1 ||     1
  Use: Scroll            |       |     6 ||     6
 Stab: Sleeping          |     4 |       ||     4
Armor: Robe              |    19 |    28 ||    47
Dodge: Dodged            |    87 |    76 ||   163

Table legend: (Time is in decaauts)
 A = Elapsed time spent in this place.
 B = Non-inter-level travel time spent in this place.
 C = Inter-level travel time spent in this place.
 D = Time resting spent in this place.
 E = Time spent auto-exploring this place.
 F = Levels seen in this place.
 G = Mean time per level.
                   A        B        C        D        E       F      G
               +--------+--------+--------+--------+--------+-----+--------+
         Total |   4351 |   4176 |    175 |    499 |   2836 |   5 |  870.2 |
       Dungeon |   4351 |   4176 |    175 |    499 |   2836 |   5 |  870.2 |
               +--------+--------+--------+--------+--------+-----+--------+

Top non-repeatable levels by time:
     D:2: 1680 daAuts
     D:3: 1337 daAuts
     D:1: 1118 daAuts
     D:4: 184 daAuts
     D:5: 30 daAuts
